 Dungeon Crawl Stone Soup version 0.23.2-40-g277498a001 (webtiles) character file.

Game seed: 3283886568776166499

427 Dawq the Chopper (level 6, -3/55 HPs)
             Began as a Hill Orc Fighter on Aug 20, 2019.
             Killed from afar by an orc wizard (7 damage)
             ... with a magic dart
             ... on level 4 of the Dungeon.
             The game lasted 00:22:49 (3040 turns).

Dawq the Chopper (Hill Orc Fighter)                 Turns: 3040, Time: 00:22:51

Health: -3/55      AC:  9    Str: 21    XL:     6   Next: 97%
Magic:  6/6        EV:  8    Int: 11    God:
Gold:   232        SH:  9    Dex: 10    Spells: 5/5 levels left

rFire    . . .     SeeInvis .   a - +0 war axe
rCold    . . .     Gourm    .   c - +0 shield
rNeg     . . .     Faith    .   b - +0 scale mail
rPois    +         Spirit   .   (no helmet)
rElec    .         Reflect  .   p - +0 cloak
rCorr    .         Harm     .   O - +0 pair of gloves
MR       .....                  (no boots)
Stlth    ..........             q - amulet of rage
HPRegen  0.18/turn              t - ring of poison resistance
MPRegen  0.10/turn              u - +3 ring of intelligence

@: slowed, very slow
A: no striking features
a: Evoke Berserk Rage


You were on level 4 of the Dungeon.
You were not hungry.

You visited 1 branch of the dungeon, and saw 4 of its levels.

You collected 232 gold pieces.

Inventory:

Hand Weapons
 a - a +0 war axe (weapon)
 e - a +0 club
 g - a +0 dagger
 k - a +0 club
 n - a +0 short sword
 s - a +0 hand axe
 B - a +0 whip
 C - a +0 glaive
 E - a +0 club
 H - a +0 short sword
 J - a cursed +0 mace
 K - a +0 club
 L - a +0 dagger
 M - a +0 short sword
 R - a +0 short sword
 X - a +3 quarterstaff of chaos
 Z - a +0 mace
Missiles
 h - 113 stones (quivered)
 x - 3 exploding tomahawks
 D - 28 bolts
 G - 26 arrows
Armour
 b - a +0 scale mail (worn)
 c - a +0 shield (worn)
 d - a +0 ring mail
 l - a +0 ring mail
 m - a cursed +0 ring mail
 o - a +0 chain mail
 p - a +0 cloak (worn)
 r - a +0 leather armour
 z - a +0 robe
 N - a +0 cloak
 O - a +0 pair of gloves (worn)
 P - a +0 leather armour
Jewellery
 q - an amulet of rage (around neck)
 t - a ring of poison resistance (left hand)
 u - a +3 ring of intelligence (right hand)
 Q - an uncursed amulet of the acrobat {unknown}
Scrolls
 i - 2 scrolls of fog {unknown}
 j - 3 scrolls of remove curse {unknown}
 v - 5 scrolls of amnesia {unknown}
 w - 5 scrolls of identify {unknown}
 y - 3 scrolls of teleportation
 F - a scroll of blinking {unknown}
 U - 2 scrolls of enchant armour {unknown}
Potions
 I - a potion of magic {unknown}
 T - a potion of curing {unknown}
 V - a potion of brilliance {unknown}
 W - 2 potions of flight {unknown}
 Y - a potion of haste {unknown}
Comestibles
 f - 6 rations
 S - 12 chunks of flesh


   Skills:
 + Level 4.9 Fighting
 + Level 6.7 Axes
 + Level 4.2 Armour
 + Level 0.9 Dodging
 + Level 4.7 Shields


You had 5 spell levels left.
You didn't know any spells.
Your spell library was empty.

Dungeon Overview and Level Annotations

Branches:
Dungeon (4/15)
 Temple: D:4-7

Altars:


Message History

The orc wizard casts a spell at you. The magic dart hits you.
* * * LOW HITPOINT WARNING * * *
You fail to use your ability.
The orc wizard gestures at you while chanting.
You feel as though you will be slow longer.
The orc wizard gestures at you while chanting.
You feel as though you will be slow longer.
You hit the orc wizard but do no damage.
The orc wizard is almost dead.
The orc wizard closely misses you. The orc wizard completely misses you.
The orc wizard hits you but does no damage.
You barely miss the orc wizard.
The orc wizard is almost dead.
The orc wizard hits you with a +0 dagger.
* * * LOW HITPOINT WARNING * * *
The orc wizard hits you but does no damage.
The orc wizard casts a spell at you. The magic dart hits you!
You die...

###'###.##### #≈≈≈≈≈#.....#.#
########## #≈≈≈≈≈#####.#.#
#......... #≈≈≈≈≈# #.#.#
#......... #≈≈≈≈≈#####.#.#
#......... ###'###..##.#.#
#####......... #.#....#..#.#
#.).####...### #......#.##.#
#...#≈≈≈≈≈≈≈≈# ###....#.##@#
#..)####...### #....#.##o#
####÷.........
#....#..oO######).########
#######....####oo.ooo...........
#<.....))).....#######..........
########.#####'##### #.###......
#.......(.[.......# #.# #......
#.#####.##))......# #.# #......
#.....#.##........# #..........


You could see an ogre, an orc wizard and 3 orcs.

Vanquished Creatures
  A crimson imp (D:2)
  A hound (D:4)
  3 orc priests
  Crazy Yiuf (D:3)
  2 orc wizards
  2 worker ants (D:4)
  3 gnolls (D:4)
  An adder (D:2)
  4 oozes
  A worm (D:3)
  3 dart slugs
  A leopard gecko (D:2)
  8 orcs
  4 giant cockroaches
  6 goblins
  3 hobgoblins
  11 jackals
  A quokka (D:3)
  8 bats
  5 frilled lizards
  7 kobolds
  6 rats
82 creatures vanquished.

Notes
Turn   | Place    | Note
-------+----------+-------------------------------------------
     0 | D:1      | Dawq the Hill Orc Fighter began the quest for the Orb.
     0 | D:1      | Reached XP level 1. HP: 19/19 MP: 1/1
    60 | D:1      | Reached XP level 2. HP: 25/27 MP: 2/2
   251 | D:1      | Reached skill level 3 in Axes
   535 | D:1      | Reached XP level 3. HP: 29/33 MP: 3/3
   748 | D:2      | Reached skill level 4 in Axes
   748 | D:2      | Reached XP level 4. HP: 40/40 MP: 4/4
  1963 | D:3      | Reached XP level 5. HP: 28/46 MP: 5/5
  1968 | D:3      | Reached skill level 5 in Axes
  2371 | D:3      | Found a runed translucent door.
  2372 | D:3      | Noticed Crazy Yiuf
  2382 | D:3      | Killed Crazy Yiuf
  2559 | D:3      | Reached XP level 6. HP: 51/53 MP: 6/6
  2636 | D:4      | Reached skill level 6 in Axes
  3040 | D:4      | Killed from afar by an orc wizard

Skill      XL: |  1  2  3  4  5  6 |
---------------+-------------------+-----
Axes           | 3 4 5 6 |  6.7
Fighting       | 4 |  4.9
Shields        | 4 |  4.7
Armour         | 4 |  4.2
Dodging        | |  0.9

Action                   |  1- 3 |  4- 6 || total
-------------------------+-------+-------++-------
Melee: War axe           |    87 |   196 ||   283
  Use: Potion            |       |     1 ||     1
       Scroll            |       |     1 ||     1
  Eat: Chunk             |       |     4 ||     4
       Ration            |       |     1 ||     1
Armor: Scale mail        |    52 |   102 ||   154
Dodge: Dodged            |    31 |    64 ||    95
Block: Shield            |    52 |   123 ||   175
